 Dungeon Crawl Stone Soup version 0.28.0 (webtiles) character file.

Game seed: 13112344428287225002

20 MacCMillion the Ruffian (level 2, 0/29 HPs)
             Began as a Troll Monk on Feb 12, 2022.
             Slain by a gnoll (10 damage)
             ... on level 2 of the Dungeon.
             The game lasted 00:01:02 (690 turns).

MacCMillion the Ruffian (Troll Monk)                 Turns: 690, Time: 00:01:02

Health: 0/29       AC:  4    Str: 18    XL:     2   Next: 58%
Magic:  1/1        EV: 10    Int:  6    God:
Gold:   81         SH:  0    Dex: 12    Spells: 1/1 levels left

rFire   . . .      SeeInvis .     - Unarmed
rCold   . . .      Faith    .   (no shield)
rNeg    . . .      Spirit   .   a - +0 robe
rPois   .          Reflect  .   (helmet restricted)
rElec   .          Harm     .   (no cloak)
rCorr   .          Rampage  .   (gloves unavailable)
Will    .....                   (boots unavailable)
Stlth   ++........              (no amulet)
HPRegen 0.89/turn               (no ring)
MPRegen 0.07/turn               (no ring)

@: no status effects
A: large, unfitting armour, claws 3, regeneration 1, shaggy fur 1, tough skin 1
a: no special abilities


You were on level 2 of the Dungeon.
You visited 1 branch of the dungeon, and saw 2 of its levels.

You collected 81 gold pieces.

Inventory:

Missiles
 c - a throwing net (quivered)
Armour
 a - a +0 robe (worn)
Scrolls
 b - a scroll of magic mapping {unknown}
 d - a scroll of enchant armour {unknown}
Potions
 e - a potion of might {unknown}


   Skills:
 + Level 2.7 Fighting
 + Level 2.6 Dodging
 - Level 1.1 Stealth
 + Level 3.2 Unarmed Combat


You had one spell level left.
You didn't know any spells.
Your spell library contained the following spells:

 Spells                   Type           Power      Damage    Failure   Level
 Foxfire                  Conj/Fire      0%         2x1d4     45%         1
 Conjure Flame            Conj/Fire      0%         6-21      83%         3
 Inner Flame              Hex/Fire       0%         N/A       83%         3
 Flame Wave               Conj/Fire      0%         2d4       99%         4


Dungeon Overview and Level Annotations

Branches:
Dungeon (2/15)

Altars:


Innate Abilities, Weirdness & Mutations

You are too large for most types of armour.
You have claws for hands.
Your natural rate of healing is unusually fast.
You are covered in fur. (AC +1)
You have tough skin. (AC +1)


Message History

Found a stone staircase leading down.
A hobgoblin comes into view.
A hobgoblin is nearby!
You claw the hobgoblin!
You kill the hobgoblin!
No target in view!
No target in view!
You see here a hobgoblin corpse. 2 gnolls come into view.
The gnoll shouts! x2
A gnoll comes into view. It is wielding a +0 halberd.
There are monsters nearby!
There are monsters nearby!
An endoplasm comes into view.
Found an escape hatch in the floor.
The endoplasm quivers.
The gnoll hits you from afar with a +0 spear. x2
The gnoll closely misses you.
The gnoll hits you from afar with a +0 spear.
The gnoll hits you but does no damage.
You barely miss the gnoll. The gnoll closely misses you.
You claw the gnoll!
The gnoll is severely wounded.
The gnoll hits you from afar with a +0 spear!
The gnoll barely misses you.
The gnoll hits you from afar with a +0 halberd.
* * * LOW HITPOINT WARNING * * *
The gnoll hits you from afar with a +0 spear.
* * * LOW HITPOINT WARNING * * *
The gnoll hits you but does no damage. The gnoll closely misses you.
The gnoll barely misses you.
You see here a hobgoblin corpse.
The gnoll hits you with a +0 halberd!
* * * LOW HITPOINT WARNING * * *
You scratch the gnoll.
The gnoll is lightly wounded.
The gnoll misses you.
The gnoll hits you from afar with a +0 halberd!
You die...

##...##..# #........#
#........# #.....J..#
#........#
#######..#####.#
...............#
....###..################
..........†ggg.@.......<#
.......>...J############
#+#.........#
............#
.....######## ..... .....
....


You could see 3 gnolls and an endoplasm.

Vanquished Creatures
  3 endoplasms (D:1)
  2 giant cockroaches (D:1)
  A goblin (D:1)
  2 hobgoblins
  A quokka (D:1)
  4 ball pythons (D:1)
  2 frilled lizards (D:1)
  2 kobolds (D:1)
  A rat (D:1)
18 creatures vanquished.

Notes
Turn   | Place    | Note
-------+----------+-------------------------------------------
     0 | D:1      | MacCMillion the Troll Monk began the quest for the Orb.
     0 | D:1      | Reached XP level 1. HP: 22/22 MP: 0/0
    83 | D:1      | Reached XP level 2. HP: 29/29 MP: 1/1
   690 | D:2      | Slain by a gnoll

Illustrated notes

Levels and vault maps discovered:
D:1:      lemuel_arrival_tunnels, layout_rooms, dk_noncrumbling_2,
          minmay_small_reverse_x
D:2:      minmay_kobold_bridge, layout_basic, basic_altar,
          ebering_dispersal_statue_hall, uniq_crazy_yiuf_cottage, uniq_jessica

Action                   || total
-------------------------++-------
Melee: Unarmed           ||    42
Armor: Robe              ||     9
Dodge: Dodged            ||    16
